 Dungeon Crawl Stone Soup version 0.19.5 (webtiles) character file.

133 Santreim the Skirmisher (level 4, -1/41 HPs)
             Began as a Minotaur Fighter on Mar 12, 2017.
             Was an Initiate of Elyvilon.
             Slain by an orc wizard
             ... wielding a +0 dagger
              (2 damage)
             ... on level 3 of the Dungeon.
             The game lasted 00:06:37 (1870 turns).

Santreim the Skirmisher (Minotaur Fighter)          Turns: 1870, Time: 00:06:39

Health: -1/41      AC:  7    Str: 20    XL:     4   Next: 93%
Magic:  3/3        EV:  8    Int:  5    God:    Elyvilon [......]
Gold:   109        SH:  9    Dex: 11    Spells: 0 memorised, 3 levels left

rFire  . . .     SeeInvis .     a - +0 war axe
rCold  . . .     Gourm    .     b - +0 scale mail
rNeg   . . .     Faith    .     c - +0 shield
rPois  .         Spirit   .     (helmet restricted)
rElec  .         Reflect  .     (no cloak)
rCorr  .         Harm     .     (no gloves)
MR     .....                    (no boots)
Stlth  ..........               s - amulet of rage
                                (no ring)
                                p - ring of wizardry

@: lethally poisoned (-1 -> -5)
A: retaliatory headbutt, horns 2
a: Renounce Religion, Evoke Berserk Rage


You were on level 3 of the Dungeon.
You worshipped Elyvilon.
Elyvilon was noncommittal.
You were not hungry.

You visited 1 branch of the dungeon, and saw 3 of its levels.

You collected 109 gold pieces.

Inventory:

Hand Weapons
 a - a +0 war axe (weapon)
 k - a +0 mace
Missiles
 h - 8 tomahawks (quivered)
Armour
 b - a +0 scale mail (worn)
 c - a +0 shield (worn)
Jewellery
 p - a ring of wizardry (left hand)
 s - an amulet of rage (around neck)
Scrolls
 e - 2 scrolls of identify
 r - a scroll of blinking
Potions
 d - a potion of might
 j - a potion of haste {unknown}
 m - a potion of cure mutation {unknown}
 o - a potion of lignification {unknown}
Comestibles
 f - 2 bread rations
 g - 3 meat rations
 i - 2 slices of pizza
 l - a chunk of flesh


   Skills:
 + Level 4.5 Fighting
 + Level 4.2 Axes
 + Level 4.2 Armour
 + Level 1.2 Dodging
 + Level 4.3 Shields


You had 3 spell levels left.
You didn't know any spells.

Dungeon Overview and Level Annotations

Branches:
Dungeon (3/15)

Altars:
Elyvilon
Vehumet

Annotations:
D:3 Ijyb


Innate Abilities, Weirdness & Mutations

You reflexively headbutt those who attack you in melee.
You have a pair of horns on your head.


Message History

The goblin closely misses you. The orc priest barely misses you.
The scorpion stings you. The orc wizard casts a spell at you.
The magic dart hits you!
You fail to use your ability.
You feel sick. The orc wizard casts a spell at you. The magic dart hits you!
* * * LOW HITPOINT WARNING * * *
The goblin hits you but does no damage.
The orc priest hits you but does no damage.
The scorpion stings you.
* * * LOW HITPOINT WARNING * * *
You barely miss the goblin. You hit the scorpion but do no damage.
You barely miss the orc priest.
You hit the orc wizard but do no damage.
* * * LOW HITPOINT WARNING * * *
You feel sick. You block the orc wizard's attack. The goblin hits you.
* * * LOW HITPOINT WARNING * * *
The orc wizard hits you with a dagger.
You die...

.. .#.....#. ....
....... ..#.# #.....#
.....##.....##
.............
......g....#
......ooo..#############
.....og@................
.....os)...#############
.....####### .... ... ..
.


You could see Ijyb, a scorpion, 2 orc priests, 2 orc wizards, an orc and a
goblin.

Vanquished Creatures
  Jessica (D:2)
  5 adders (D:2)
  An ooze (D:1)
  A dart slug (D:2)
  2 worms (D:2)
  An orc (D:3)
  3 giant cockroaches
  6 goblins
  3 hobgoblins (D:1)
  7 jackals
  5 kobolds
  2 quokkas
  4 bats
  4 frilled lizards
  7 rats
52 creatures vanquished.

Notes
Turn   | Place    | Note
-------+----------+-------------------------------------------
     0 | D:1      | Santreim the Minotaur Fighter began the quest for the Orb.
     0 | D:1      | Reached XP level 1. HP: 19/19 MP: 0/0
    20 | D:1      | Noticed an ogre
   128 | D:1      | Reached XP level 2. HP: 25/27 MP: 1/1
   817 | D:1      | Reached XP level 3. HP: 33/33 MP: 2/2
  1013 | D:2      | Noticed Jessica
  1019 | D:2      | Killed Jessica
  1073 | D:2      | Reached XP level 4. HP: 41/41 MP: 3/3
  1094 | D:2      | Reached skill level 1 in Dodging
  1139 | D:2      | Found a white marble altar of Elyvilon.
  1281 | D:2      | Became a worshipper of Elyvilon the Healer
  1634 | D:2      | Found a radiant altar of Vehumet.
  1865 | D:3      | Noticed Ijyb
  1870 | D:3      | HP: 1/41 [goblin (3)]
  1870 | D:3      | Slain by an orc wizard

Skill      XL: |  1  2  3  4 |
---------------+-------------+-----
Fighting       | 4 |  4.5
Shields        | 4 |  4.3
Axes           | 3 4 |  4.2
Armour         | 4 |  4.2
Dodging        | 1 |  1.2

Action                   |  1- 3 |  4- 6 || total
-------------------------+-------+-------++-------
Melee: War axe           |    89 |    61 ||   150
       Headbutt          |    12 |     4 ||    16
  Use: Scroll            |       |     7 ||     7
  Eat: Chunk             |       |     3 ||     3
Armor: Scale mail        |    42 |    24 ||    66
Dodge: Dodged            |    20 |    37 ||    57
Block: Shield            |    42 |    47 ||    89
